← All builds
Tech / Armada / Economy first / OBSERVED BUILD

Standard tech

Armada Tech (Eco) build order · Supreme Isthmus

Rushes T2 by 4:15, gets Advanced Metal Extractor around 5:28, hands off T2 constructors to Geo and the team, then scales eco and supplies the team's T2 needs through the rest of the game.

Usually first T2 con to Geo (83%)

#eco #t2 #team support · 1579 distinct matches · 255 players · 58% of Armada Tech games · team won 53% of 1874 · Recently observed

HOW TO PLAY IT

Key timing: T2 factory by 4:15

  1. Open 3 mex and heavy wind to fund a fast T2 rush.
  2. Put down Bot Lab, planning to eat it for reclaim soon after.
  3. Get Advanced Bot Lab up, hitting the T2 factory rush timing.
  4. Upgrade mex to Advanced Metal Extractor to lock in team metal income.
  5. Eat Advanced Bot Lab and keep sending cons to Geo and Pond.

Phase by phase

TYPICAL OF ITS 1579 GAMES
  1. 1
  2. 2
  3. 3
  4. 4
PLAY THE OPENING

Follow the example game's first 6:00 step by step: what to build now, what comes next, and where it goes. At 1× it keeps pace with your own game.

  1. 1

    Up to the Bot Lab

    Economy
    • Metal Extractor3Mex
    • Wind Turbine4Wind
    Order
    1. Bot LabBot Lab after 3 mex, 4 winddone ~1:18, middle half 1:13–1:32

    Some games also: energy storage (31%)

    By 1:01 in all: 3 mex · 4 wind

    The example game in this phase · 3 steps
    1. Mex ×3
    2. Wind ×3
    3. Bot LabBot Labdone 1:10 · typical 1:18
  2. 2

    Bot Lab to Advanced Bot Lab

    Economy
    • Metal Extractor1Mex
    • Wind Turbine8Wind
    • Energy Storage1Energy storage
    Order
    1. Advanced Bot LabAdvanced Bot Lab after 4 mex, 12 wind, 3 con turretdone ~4:16, middle half 4:04–4:30
    Builders
    • Construction Turret3 Con turret
    • Lazarus3 Lazarus
    • Construction Bot2 Con bot
    • Construction Bot1 Con bot for allies

    Some games also: converter (36%)

    By 3:18 in all: 4 mex · 12 wind · 1 energy storage · 3 con turret

    The example game in this phase · 12 steps
    1. Wind
    2. LazarusLazarus ×3
    3. Construction BotCon bot
    4. Construction BotCon botfor Air
    5. Construction BotCon bot ×2
    6. Con turret
    7. Wind
    8. Mex
    9. Con turret
    10. Wind ×3
    11. Energy storage
    12. Advanced Bot LabAdvanced Bot Labdone 3:44 · typical 4:16
  3. 3

    Advanced Bot Lab to 5:00

    Economy
    • Wind Turbine3Wind
    Order
    1. Bot LabEat Bot Lab
    Builders
    • Advanced Construction Bot1 T2 con bot for allies

    Some games also: converter (35%)

    By 5:00 in all: 4 mex · 15 wind · 1 converter · 1 energy storage · 3 con turret

    The example game in this phase · 4 steps
    1. Bot LabEat Bot Labreclaimed for its metal
    2. Advanced Construction BotT2 con botfor Geo
    3. Advanced Metal ExtractorT2 mex ×2done 4:24 · typical 5:29
    4. Advanced Construction BotT2 con botfor Air
  4. 4

    5:00 to 10:00

    Economy
    • Wind Turbine43Wind
    • Energy Converter6Converter
    Builders
    • Butler9 Butler
    • Advanced Construction Bot4 T2 con bot for allies
    • Advanced Construction Bot1 T2 con bot

    Some games also: con turret (43%) · Butler for allies (36%)

    By 10:00 in all: 4 mex · 58 wind · 8 converter · 1 energy storage · 3 con turret

    The example game in this phase · 332 steps
    1. Advanced Metal ExtractorT2 mex
    2. Advanced Construction BotT2 con botfor Pond
    3. Wind ×3
    4. Advanced Metal ExtractorT2 mex
    5. Wind ×2
    6. Advanced Construction BotT2 con botfor Geo sea
    7. Wind ×2
    8. ButlerButler
    9. Wind
    10. ButlerButler
    11. Wind
    12. ButlerButler
    13. Advanced Construction BotT2 con botfor Suicide front
    14. Wind ×5
    15. ButlerButler
    16. Wind ×2
    17. ButlerButler
    18. Wind
    19. ButlerButler
    20. Wind
    21. ButlerButler
    22. Wind ×2
    23. ButlerButler
    24. Wind ×3
    25. ButlerButler
    26. Wind ×5
    27. Advanced Construction BotT2 con botfor Front
    28. Wind ×2
    29. Converter
    30. Wind ×3
    31. Converter
    32. ButlerButler
    33. Wind ×2
    34. ButlerButler
    35. Wind
    36. Converter
    37. Wind ×3
    38. ButlerButler
    39. Converter
    40. Wind ×2
    41. ButlerButler
    42. Wind
    43. Converter
    44. Wind
    45. ButlerButler
    46. Wind ×2
    47. Converter
    48. ButlerButler
    49. Wind ×2
    50. Converter
    51. Wind ×2
    52. ButlerButler
    53. Wind ×3
    54. Converter
    55. Wind
    56. ButlerButler
    57. Wind ×4
    58. ButlerButler
    59. Wind
    60. Converter
    61. Wind ×3
    62. Converter
    63. Wind
    64. ButlerButler
    65. Wind
    66. Converter
    67. Wind ×3
    68. ButlerButler
    69. Wind
    70. Converter
    71. Wind ×2
    72. ButlerButler
    73. Wind ×3
    74. Converter
    75. Wind
    76. Converter
    77. Wind
    78. ButlerButler
    79. Wind ×3
    80. Converter ×2
    81. Wind
    82. ButlerButler
    83. Wind ×3
    84. Converter ×2
    85. Wind ×2
    86. Converter ×2
    87. Wind
    88. ButlerButler
    89. Wind ×3
    90. Converter ×2
    91. Wind
    92. ButlerButler
    93. Wind ×2
    94. Converter ×2
    95. Wind ×4
    96. ButlerButler
    97. Converter
    98. Wind
    99. Converter
    100. Wind
    101. Advanced Construction BotT2 con bot
    102. Wind ×5
    103. Converter ×2
    104. Wind ×4
    105. Converter
    106. Wind
    107. ButlerButler
    108. Wind
    109. Converter
    110. Wind ×5
    111. Converter
    112. Wind ×2
    113. Converter
    114. Wind ×4
    115. Converter
    116. Wind ×2
    117. ButlerButler
    118. Wind ×2
    119. Converter
    120. Wind ×5
    121. Converter
    122. Wind
    123. Converter
    124. Wind ×5
    125. Converter
    126. Wind ×3
    127. Converter
    128. Wind ×3
    129. ButlerButler
    130. Converter
    131. Wind ×6
    132. Converter
    133. Wind ×3
    134. Converter
    135. Wind ×3
    136. Converter
    137. Wind ×2
    138. ButlerButler
    139. Wind ×2
    140. Converter
    141. Wind
    142. Converter
    143. Wind ×5
    144. Converter
    145. Wind
    146. Converter
    147. Wind
    148. Converter
    149. Wind ×2
    150. ButlerButler
    151. Wind ×2
    152. RattlesnakeRattlesnakedone 13:25
    153. Converter
    154. Wind ×2
    155. Converter ×2
    156. Wind ×3
    157. Converter
    158. Wind ×2
    159. Converter
    160. Wind
    161. Converter
    162. Wind ×3
    163. ButlerButler
    164. Converter
    165. Wind ×2
    166. Converter
    167. Wind
    168. Converter
    169. Wind ×4
    170. Converter
    171. Wind
    172. Converter
    173. Wind
    174. Converter
    175. Wind ×4
    176. Converter
    177. Wind
    178. Converter
    179. Wind ×4
    180. Converter
    181. ButlerButler
    182. Wind
    183. Converter
    184. Wind ×2
    185. Converter
    186. Wind ×2
    187. Converter
    188. Wind ×2
    189. Converter ×2
    190. Wind
    191. ButlerButler
    192. Wind ×3
    193. Converter
    194. Wind
    195. Converter
    196. Wind
    197. Converter
    198. Wind
    199. ButlerButler
    200. Wind ×2
    201. Converter
    202. Wind ×2
    203. Converter
    204. Wind
    205. Converter
    206. Wind ×4
    207. ButlerButler
    208. Wind
    209. Converter
    210. Wind
    211. Converter
    212. Wind
    213. Converter
    214. Wind ×4
    215. Converter
    216. ButlerButler
    217. Wind ×3
    218. Converter ×2
    219. Wind ×3
    220. Converter
    221. Wind ×3
    222. Converter
    223. Wind
    224. Converter
    225. Wind ×7
    226. Converter
    227. Wind ×5
    228. Converter
    229. Wind
    230. Converter
    231. Wind ×8
    232. Converter ×2
    233. Wind
    234. Converter
    235. Wind ×12
    236. Converter
    237. Wind
    238. Converter ×2
    239. Wind ×7
    240. UmbrellaAnti-nukedone 14:14
    241. Wind ×3
    242. Converter
    243. Wind ×2
    244. Converter ×2
    245. Wind ×8
    246. Converter
    247. Wind
    248. Converter
    249. Wind ×7
    250. Converter
    251. Wind ×7
    252. Converter
    253. Wind ×2
    254. Converter
    255. Con turret
    256. Wind ×3
    257. Converter
    258. Wind ×5
    259. Converter
    260. Wind ×6
    261. Converter
    262. Wind
    263. Converter
    264. Wind ×8
    265. Converter
    266. Wind ×2
    267. Converter
    268. Wind
    269. Con turret
    270. Wind ×3
    271. Converter
    272. Wind ×2
    273. Converter
    274. Wind ×8
    275. Converter ×2
    276. Wind ×6
    277. Con turret
    278. Wind ×2
    279. Converter
    280. Wind ×6
    281. Converter
    282. Wind ×2
    283. Converter
    284. Con turret
    285. Wind ×3
    286. Converter
    287. Wind ×5
    288. Converter
    289. Wind ×4
    290. Converter
    291. Wind ×2
    292. Converter
    293. Wind ×2
    294. Con turret
    295. Converter
    296. Wind ×6
    297. Converter
    298. Wind ×2
    299. Converter ×2
    300. Wind ×5
    301. Converter
    302. Wind ×3
    303. Advanced Construction BotT2 con bot
    304. Wind ×4
    305. Converter
    306. Wind ×3
    307. Converter ×2
    308. Wind
    309. Converter
    310. Wind ×4
    311. Converter
    312. Wind ×2
    313. Converter
    314. Wind
    315. Converter
    316. Wind ×3
    317. Converter
    318. Wind
    319. Advanced Fusion ReactorAdvanced Fusion Reactornot finished by 15:00
    320. Wind ×8
    321. Converter ×2
    322. Wind ×2
    323. Energy storage
    324. Wind ×2
    325. Converter ×2
    326. Wind ×2
    327. Converter
    328. Wind ×2
    329. Converter
    330. Wind ×2
    331. Converter ×2
    332. Wind ×3

Counts are medians over the build's games: half of them build more, half fewer. The example game is DonGarillo's (31 OS, 11/10/2026); pick another.

Team trades

IN AT LEAST 30% OF ITS GAMES

You hand over

  • Construction Bot1 Con bot to Airfirst at 2:23 · in 84% of games
  • Advanced Construction Bot5 T2 con bot to Air or Geo sea or Pondfirst at 4:50 · in 99% of games
  • Butler2 Butler to Geo sea or Beach sea or Pondfirst at 9:07 · in 42% of games

You get

  • Hercules1 Light transport from Airfirst at 4:01 · in 86% of games

How it plays out

Typical game of this build, running totals by minute

Metal produced

020k40k
0:005:0010:0015:00

metal

Enemy metal destroyed

050100
0:005:0010:0015:00

metal

Own metal lost

050100150
0:005:0010:0015:00

metal

1874 games.

Show as table
ByMetal produced: This buildEnemy metal destroyed: This buildOwn metal lost: This build
1:0038300
2:0091500
3:00165100
4:00314400
5:00484700
6:00580000
7:00722700
8:00906100
9:001117300
10:001350300
11:001624200
12:001965600
13:002344500
14:0027362073
15:003154285130
WHAT THE NUMBERS SAY

Standard Tech play barely fights at all early, instead pouring metal into T2 infrastructure and constructors for the team.

  • + Metal produced hits 31679 by 15:00, by far the highest of any role here.
  • + T2 factory reached in 97% of games by 4:15, fastest and most reliable T2 timing.
  • − Enemy metal destroyed stays at 0 through 10:00, no early offense at all.
  • − Own metal lost also near 0, showing total avoidance of combat risk.
THE EXAMPLE YOU ARE READING

DonGarillo

30.9 OS · 11/10/2026

Open source match ↗

3 received units
1391 metal received · 68714 energy received

Allied construction assistance is unknown. Timings are observations, not a promise of solo reproducibility.

Typical milestones

Bot Lab1:18Middle 50%: 1:13–1:32 · n=1874
Advanced Bot Lab4:16Middle 50%: 4:04–4:30 · n=1867
Advanced Metal Extractor5:29Middle 50%: 5:05–5:59 · n=1870

Played most by

Amrissa93games of this buildTheGeneraI66games of this buildAdeus57games of this buildEl_Turco56games of this buildKOT_43games of this build